 Dungeon Crawl Stone Soup version 0.28-a0-1447-ga5a8893891 (webtiles) character file.

Game seed: 17155113099799479786

50 Shayle the Grasshopper (level 3, -3/31 HPs)
             Began as a Gnoll Warper on Jan 10, 2022.
             Was an Initiate of Wu Jian.
             Slain by an iron imp (6 damage)
             ... summoned by Eustachio
             ... on level 4 of the Dungeon.
             The game lasted 00:04:52 (1877 turns).

Shayle the Grasshopper (Gnoll Warper)               Turns: 1877, Time: 00:04:53

Health: -3/31      AC:  3    Str: 10    XL:     3   Next: 79%
Magic:  9/9        EV: 13    Int: 14    God:    Wu Jian [......]
Gold:   29         SH:  0    Dex: 15    Spells: 12/12 levels left

rFire   . . .      SeeInvis .   l - +6 whip "Xyege" {vorpal, rC++ Dex+4}
rCold   + + .      Faith    .   (no shield)
rNeg    . . .      Spirit   .   a - +0 leather armour
rPois   .          Reflect  .   (no helmet)
rElec   .          Harm     .   (no cloak)
rCorr   .          Rampage  .   (no gloves)
Will    .....                   (no boots)
Stlth   +.........              m - amulet of the acrobat
HPRegen 0.10/turn               (no ring)
MPRegen 0.11/turn               (no ring)

@: no status effects
A: fangs 1, strong nose, distributed training
a: Renounce Religion


You were on level 4 of the Dungeon.
You worshipped Wu Jian.
Wu Jian was noncommittal.
You visited 2 branches of the dungeon, and saw 4 of its levels.

You collected 65 gold pieces.
You spent 36 gold pieces at shops.

Inventory:

Hand Weapons
 l - the +6 whip "Xyege" (weapon) {vorpal, rC++ Dex+4}
   (You found it on level 4 of the Dungeon)

   It inflicts extra damage upon your enemies.
   Dex:       It affects your dexterity (+4).
   rC:        It greatly protects you from cold.
 n - a +1 whip of draining
Missiles
 c - a boomerang of dispersal (quivered)
Armour
 a - a +0 leather armour (worn)
Jewellery
 m - an amulet of the acrobat (around neck)
Scrolls
 b - a scroll of blinking
 e - a scroll of noise {unknown}
 h - 3 scrolls of identify {unknown}
 j - a scroll of teleportation {unknown}
Potions
 d - a potion of berserk rage {unknown}
 f - a potion of curing
 g - a potion of mutation {unknown}
 i - a potion of brilliance {unknown}
 k - a potion of flight {unknown}


   Skills:
 + Level 4.6 Fighting
 + Level 1.0 Short Blades
 + Level 1.0 Long Blades
 + Level 1.0 Axes
 + Level 1.0 Maces & Flails
 + Level 1.0 Polearms
 + Level 1.0 Staves
 + Level 1.0 Slings
 + Level 1.0 Bows
 + Level 1.0 Crossbows
 + Level 2.6 Throwing
 + Level 2.6 Armour
 + Level 4.6 Dodging
 + Level 1.0 Stealth
 + Level 1.0 Shields
 + Level 4.6 Unarmed Combat
 + Level 5.0 Spellcasting
 + Level 0.7 Conjurations
 + Level 0.7 Hexes
 + Level 0.7 Summonings
 + Level 0.7 Necromancy
 + Level 5.4 Translocations
 + Level 0.7 Transmutations
 + Level 0.7 Fire Magic
 + Level 0.7 Ice Magic
 + Level 0.7 Air Magic
 + Level 0.7 Earth Magic
 + Level 0.7 Poison Magic
 + Level 1.0 Invocations
 + Level 1.0 Evocations


You had 12 spell levels left.
You didn't know any spells.
Your spell library contained the following spells:

 Spells                   Type           Power      Damage    Failure   Level
 Blink                    Tloc           36%        N/A       3%          2
 Gell's Gravitas          Tloc           18%        N/A       8%          3
 Lesser Beckoning         Tloc           18%        N/A       8%          3
 Teleport Other           Tloc           18%        N/A       8%          3
 Manifold Assault         Tloc           18%        N/A       56%         5


Dungeon Overview and Level Annotations

Branches:
Dungeon (4/15)             Temple (1/1) D:4

Altars:
Ashenzari
Cheibriados
Dithmenos
Fedhas
Gozag
Hepliaklqana
Kikubaaqudgha
Makhleb
Okawaru
Ru
Sif Muna
Trog
Uskayaw
Vehumet
Wu Jian
Yredelemnul
Zin
The Shining One

Shops:
D:1 !

Annotations:
D:4 Eustachio


Innate Abilities, Weirdness & Mutations

You have very sharp teeth.
Your uncanny sense of smell can sniff out nearby items.
Your experience applies equally to all skills.


Message History

You see here an amulet of the acrobat.
m - an amulet of the acrobat You start putting on your amulet.
You continue putting on your amulet of the acrobat. x5
You finish putting on your amulet of the acrobat.
You feel ready to tumble and roll out of harm's way.
m - an amulet of the acrobat (around neck)
You see here a +1 whip of draining.
n - a +1 whip of draining You lunge at Eustachio.
You hit Eustachio but do no damage.
Eustachio mumbles some strange words.
Eustachio blinks!
You whack Eustachio!
Eustachio is moderately wounded.
Eustachio misses you. Eustachio hits you with a +0 rapier!
You barely miss Eustachio.
Eustachio is moderately wounded.
Eustachio gestures wildly while chanting.
Eustachio blinks!
You lunge at Eustachio.
You hit Eustachio. Your punch misses Eustachio.
Eustachio is moderately wounded.
Eustachio mumbles some strange words.
You closely miss Eustachio. You punch Eustachio.
Eustachio is moderately wounded.
Eustachio hits you with a +0 rapier!
You hit Eustachio.
Eustachio is heavily wounded.
The iron imp closely misses you. Eustachio closely misses you.
You hit Eustachio.
Eustachio is severely wounded.
The iron imp misses you. Eustachio misses you.
You whack Eustachio!
Eustachio is almost dead.
The iron imp hits you!
* * * LOW HITPOINT WARNING * * *
Eustachio completely misses you.
You closely miss Eustachio.
Eustachio is almost dead.
The iron imp hits you.
You die...

.................>.....
###.#.........#..#.#.##
###.#########.##.#.#..
....# ..##.#.#.# ....#
#####...#.# ....#
#...#.# ....# #.....#
.....# #@..#.# .....#
######@#.#.#
.....#.####....5.#...#
.....#...........##..#
####.######.....###..#
∆..............>?.
###############.# .# .#
.#


You could see Eustachio and an iron imp (summoned).

Vanquished Creatures
  2 adders
  2 dart slugs (D:1)
  3 ball pythons (D:1)
  5 bats
  3 goblins (D:1)
  5 hobgoblins
  2 frilled lizards
  3 kobolds
  A rat (D:1)
26 creatures vanquished.

Notes
Turn   | Place    | Note
-------+----------+-------------------------------------------
     0 | D:1      | Shayle the Gnoll Warper began the quest for the Orb.
     0 | D:1      | Reached XP level 1. HP: 20/20 MP: 6/6
   158 | D:1      | Reached XP level 2. HP: 21/26 MP: 7/7
   482 | D:1      | Found Niwit Xune's Distillery.
   489 | D:1      | Bought a potion of curing for 36 gold pieces
   536 | D:1      | Found a faded altar of an unknown god.
   883 | D:1      | Reached XP level 3. HP: 31/31 MP: 9/9
   919 | D:2      | Reached skill level 5 in Spellcasting
  1134 | D:2      | Reached skill level 1 in Invocations
  1262 | D:2      | You fall into a shaft and drop 2 floors!
  1284 | D:4      | Found a staircase to the Ecumenical Temple.
  1290 | Temple   | Entered the Ecumenical Temple
  1469 | Temple   | Became a worshipper of the Wu Jian Council
  1559 | D:4      | Noticed a sky beast
  1835 | D:4      | Identified the +6 whip "Xyege" {vorpal, rC++ Dex+4}
  1840 | D:4      | Noticed Eustachio
  1853 | D:4      | Reached skill level 1 in Short Blades
  1853 | D:4      | Reached skill level 1 in Long Blades
  1853 | D:4      | Reached skill level 1 in Axes
  1853 | D:4      | Reached skill level 1 in Maces & Flails
  1853 | D:4      | Reached skill level 1 in Polearms
  1853 | D:4      | Reached skill level 1 in Staves
  1853 | D:4      | Reached skill level 1 in Slings
  1853 | D:4      | Reached skill level 1 in Bows
  1853 | D:4      | Reached skill level 1 in Crossbows
  1853 | D:4      | Reached skill level 1 in Stealth
  1853 | D:4      | Reached skill level 1 in Shields
  1853 | D:4      | Reached skill level 1 in Evocations
  1877 | D:4      | Slain by an iron imp

Illustrated notes

Levels and vault maps discovered:
D:1:      heliophobic_arrival_battle_scene, layout_loops_ring, serial_shops,
          nicolae_shop_waterfront, chequers_ecumenical_altar_simple_redux
D:2:      layout_loops_cross, amcnicky_mini_pool_small, uniq_crazy_yiuf_cottage
D:4:      layout_basic, gammafunk_temple_overflow_statue,
          minmay_temple_entry_fiery, solitary_fountain, uniq_eustachio
Temple:   eino_narrow_crystal_temple

Skill      XL: |  1  2  3 |
---------------+----------+-----
Spellcasting   | 5 |  5.0
Invocations    | 1 |  1.0
Short Blades   | 1 |  1.0
Long Blades    | 1 |  1.0
Axes           | 1 |  1.0
Maces & Flails | 1 |  1.0
Polearms       | 1 |  1.0
Staves         | 1 |  1.0
Slings         | 1 |  1.0
Bows           | 1 |  1.0
Crossbows      | 1 |  1.0
Stealth        | 1 |  1.0
Shields        | 1 |  1.0
Evocations     | 1 |  1.0
Fighting       | |  4.6
Throwing       | |  2.6
Armour         | |  2.6
Dodging        | |  4.6
Unarmed Combat | |  4.6
Conjurations   | |  0.7
Hexes          | |  0.7
Summonings     | |  0.7
Necromancy     | |  0.7
Translocations | |  5.4
Transmutations | |  0.7
Fire Magic     | |  0.7
Ice Magic      | |  0.7
Air Magic      | |  0.7
Earth Magic    | |  0.7
Poison Magic   | |  0.7

Action                   || total
-------------------------++-------
Melee: Unarmed           ||    88
       Bite              ||     9
       Punch             ||     3
       Whip              ||    15
Throw: Boomerang         ||     4
Invok: Lunge             ||     3
 Stab: Sleeping          ||     1
Armor: Leather armour    ||    25
Dodge: Dodged            ||    68

Table legend: (Time is in decaauts)
 A = Elapsed time spent in this place.
 B = Non-inter-level travel time spent in this place.
 C = Inter-level travel time spent in this place.
 D = Time resting spent in this place.
 E = Time spent auto-exploring this place.
 F = Levels seen in this place.
 G = Mean time per level.
                   A        B        C        D        E       F      G
               +--------+--------+--------+--------+--------+-----+--------+
         Total |   1871 |   1835 |     36 |    201 |   1165 |   4 |  467.8 |
       Dungeon |   1676 |   1655 |     21 |    201 |    998 |   3 |  558.7 |
        Temple |    194 |    179 |     15 |      0 |    167 |   1 |  194.0 |
               +--------+--------+--------+--------+--------+-----+--------+

Top non-repeatable levels by time:
     D:1: 897 daAuts
     D:4: 421 daAuts
     D:2: 357 daAuts
  Temple: 194 daAuts
